TOP OF THE 1ST |
Fremont Cyclones batting - Pitching for Santa Clarita Music : RHP Dusty Smith
|
Pitching: RHP Dusty Smith
|
|
Batting: RHB Juan Estrada
|
0-0: Ball 1-0: Ball 2-0: Ball 3-0: Called Strike 3-1: Called Strike 3-2: Foul Ball, location: 2F 3-2: Foul Ball, location: 2F 3-2: Base on Balls
|
Batting: LHB Millard Adams
|
0-0: Called Strike 0-1: Swinging Strike 0-2: Strikes out swinging
|
Batting: LHB Ernesto Hernández
|
0-0: Ball 1-0: Grounds into double play, 4-6-3 (Groundball, 4)
|
Top of the 1st over - 0 run(s), 0 hit(s), 0 error(s), 0 left on base; Fremont 0 - Santa Clarita 0 |
BOTTOM OF THE 1ST |
Santa Clarita Music batting - Pitching for Fremont Cyclones : RHP José Alvarado
|
Pitching: RHP José Alvarado
|
|
Batting: RHB Art Cameron
|
0-0: Ball 1-0: Called Strike 1-1: Ball 2-1: Ball 3-1: Ground out 4-3 (Groundball, 4)
|
Batting: RHB Rickey Núñez
|
0-0: Ball 1-0: Foul Ball, location: 2F 1-1: Ground out 5-3 (Groundball, 5)
|
Batting: SHB Stan Gómez
|
0-0: SINGLE (Groundball, 5D)
|
Batting: RHB Steve Burton
|
0-0: Ball 1-0: Foul Ball, location: 2F 1-1: Ball 2-1: Swinging Strike 2-2: Ball 3-2: Fly out, F7 (Flyball, 7M)
|
Bottom of the 1st over - 0 run(s), 1 hit(s), 0 error(s), 1 left on base; Fremont 0 - Santa Clarita 0 |
TOP OF THE 2ND |
Fremont Cyclones batting - Pitching for Santa Clarita Music : RHP Dusty Smith
|
Batting: LHB Sergio Fernández
|
0-0: Swinging Strike 0-1: Ball 1-1: Foul Ball, location: 2F 1-2: Foul Ball, location: 2F 1-2: Ball 2-2: Foul Ball, location: 2F 2-2: Fly out, F9 (Flyball, 89S)
|
Batting: LHB Clayton Bailey
|
0-0: Called Strike 0-1: Ball 1-1: Ball 2-1: Ball 3-1: Fly out, F7 (Line Drive, 78S)
|
Batting: RHB Robinson Fernández
|
0-0: Swinging Strike 0-1: Ball 1-1: Foul Ball, location: 2F 1-2: Strikes out swinging
|
Top of the 2nd over - 0 run(s), 0 hit(s), 0 error(s), 0 left on base; Fremont 0 - Santa Clarita 0 |
BOTTOM OF THE 2ND |
Santa Clarita Music batting - Pitching for Fremont Cyclones : RHP José Alvarado
|
Batting: RHB António Martínez
|
0-0: Ground out 3-1 (Groundball, 34)
|
Batting: RHB Ricardo González
|
0-0: Called Strike 0-1: Ball 1-1: Ball 2-1: Called Strike 2-2: Hit by Pitch
|
Batting: RHB Adam Gentry
|
0-0: Ball 1-0: Ball 2-0: Called Strike 2-1: Foul Ball, location: 2F 2-2: Strikes out swinging
|
Batting: RHB Justin Geoghegan
|
0-0: Called Strike 0-1: Foul Ball, location: 2F 0-2: Foul Ball, location: 2F 0-2: Strikes out swinging
|
Bottom of the 2nd over - 0 run(s), 0 hit(s), 0 error(s), 1 left on base; Fremont 0 - Santa Clarita 0 |
TOP OF THE 3RD |
Fremont Cyclones batting - Pitching for Santa Clarita Music : RHP Dusty Smith
|
Batting: SHB Jorge Quiñones
|
0-0: Called Strike 0-1: Fly out, F8 (Popup, 6MD)
|
Batting: LHB Lou Goeble
|
0-0: Called Strike 0-1: Called Strike 0-2: Ball 1-2: Ground out 4-3 (Groundball, 4)
|
Batting: RHB Pablo Pineda
|
0-0: Ball 1-0: Ball 2-0: Ball 3-0: Called Strike 3-1: Foul Ball, location: 2F 3-2: Strikes out looking
|
Top of the 3rd over - 0 run(s), 0 hit(s), 0 error(s), 0 left on base; Fremont 0 - Santa Clarita 0 |
BOTTOM OF THE 3RD |
Santa Clarita Music batting - Pitching for Fremont Cyclones : RHP José Alvarado
|
Batting: RHB Jake Belcher
|
0-0: SINGLE (Groundball, 6MD)
|
Batting: RHB Art Cameron
|
0-0: Called Strike 0-1: Ball 1-1: Ball 2-1: Foul Ball, location: 2F 2-2: Foul Ball, location: 2F 2-2: DOUBLE (Flyball, 89XD) Jake Belcher to third
|
Batting: RHB Rickey Núñez
|
0-0: Ball 1-0: Foul Ball, location: 2F 1-1: Foul Ball, location: 2F 1-2: Strikes out swinging
|
Batting: SHB Stan Gómez
|
0-0: SINGLE (Line Drive, 7LS) Jake Belcher scores Art Cameron to third Runner from 3rd tries for Home, SAFE, no throw or cutoff
|
Batting: RHB Steve Burton
|
0-0: Called Strike 0-1: Ball 1-1: Ball 2-1: Foul Ball, location: 2F 2-2: Foul Ball, location: 2F 2-2: Ground out 4-3 (Groundball, 6MS) Stan Gómez to second
|
Batting: RHB António Martínez
|
0-0: Called Strike 0-1: Ground out 5-3 (Groundball, 56S)
|
Bottom of the 3rd over - 2 run(s), 3 hit(s), 0 error(s), 1 left on base; Fremont 0 - Santa Clarita 2 |
TOP OF THE 4TH |
Fremont Cyclones batting - Pitching for Santa Clarita Music : RHP Dusty Smith
|
Batting: RHB Juan Estrada
|
0-0: Called Strike 0-1: Foul Ball, location: 2F 0-2: Foul Ball, location: 2F 0-2: Fly out, F7 (Flyball, 78S)
|
Batting: LHB Millard Adams
|
0-0: Ball 1-0: Called Strike 1-1: SINGLE (Groundball, 34S)
|
Batting: LHB Ernesto Hernández
|
0-0: Ball 1-0: Called Strike 1-1: Grounds out, U3 (Groundball, 3L)
|
Batting: LHB Sergio Fernández
|
0-0: Ball 1-0: Foul Ball, location: 2F 1-1: Ball 2-1: Swinging Strike 2-2: Ball 3-2: SINGLE (Line Drive, 34D) Millard Adams to third Millard Adams scores
|
Batting: LHB Clayton Bailey
|
0-0: Ball 1-0: Ground out U3 (Groundball, 3S)
|
Top of the 4th over - 1 run(s), 2 hit(s), 0 error(s), 1 left on base; Fremont 1 - Santa Clarita 2 |
BOTTOM OF THE 4TH |
Santa Clarita Music batting - Pitching for Fremont Cyclones : RHP José Alvarado
|
Batting: RHB Ricardo González
|
0-0: Called Strike 0-1: Ground out 6-3 (Groundball, 6)
|
Batting: RHB Adam Gentry
|
0-0: Ball 1-0: Ground out 1-3 (Groundball, 13S)
|
Batting: RHB Justin Geoghegan
|
0-0: Ball 1-0: Ground out 5-3 (Groundball, 5)
|
Bottom of the 4th over - 0 run(s), 0 hit(s), 0 error(s), 0 left on base; Fremont 1 - Santa Clarita 2 |
TOP OF THE 5TH |
Fremont Cyclones batting - Pitching for Santa Clarita Music : RHP Dusty Smith
|
Batting: RHB Robinson Fernández
|
0-0: Swinging Strike 0-1: Ball 1-1: Ball 2-1: Foul Ball, location: 2F 2-2: Strikes out swinging
|
Batting: SHB Jorge Quiñones
|
0-0: Ball 1-0: SINGLE (Groundball, 34D)
|
Batting: LHB Lou Goeble
|
0-0: Swinging Strike 0-1: Ball 1-1: Ball 2-1: SINGLE (Groundball, 13) (infield hit) Jorge Quiñones to second
|
Batting: RHB Pablo Pineda
|
0-0: Ball 1-0: Ball Wild Pitch! Jorge Quiñones to third Lou Goeble to second 2-0: Ball 3-0: Base on Balls
|
Batting: RHB Juan Estrada
|
0-0: Ball 1-0: Called Strike 1-1: Ball 2-1: SINGLE (Groundball, 13) (infield hit) Jorge Quiñones scores Lou Goeble to third Pablo Pineda to second
|
Batting: LHB Millard Adams
|
0-0: SINGLE (Groundball, 34D) Lou Goeble scores Pablo Pineda to third Juan Estrada to second
|
Batting: LHB Ernesto Hernández
|
0-0: Called Strike 0-1: Swinging Strike 0-2: Ball 1-2: Strikes out swinging
|
Pitching: RHP César Amaya
|
|
Batting: LHB Sergio Fernández
|
0-0: Called Strike 0-1: Ball Passed Ball! Pablo Pineda scores Juan Estrada to third Millard Adams to second 1-1: Intentional Walk
|
Batting: LHB Clayton Bailey
|
0-0: Foul Ball, location: 2F 0-1: Ball 1-1: Called Strike 1-2: Fly out, F5 (Popup, 25)
|
Top of the 5th over - 3 run(s), 4 hit(s), 0 error(s), 3 left on base; Fremont 4 - Santa Clarita 2 |
BOTTOM OF THE 5TH |
Santa Clarita Music batting - Pitching for Fremont Cyclones : RHP José Alvarado
|
Batting: RHB Jake Belcher
|
0-0: SINGLE (Line Drive, 6M)
|
Batting: RHB Art Cameron
|
0-0: Called Strike 0-1: Ball 1-1: Swinging Strike 1-2: Strikes out swinging
|
Batting: RHB Rickey Núñez
|
0-0: Ball Jake Belcher steals 2nd base 1-0: Called Strike 1-1: Ball 2-1: Ball 3-1: Ground out 4-3 (Groundball, 34) Jake Belcher to third
|
Batting: SHB Stan Gómez
|
0-0: Called Strike 0-1: Called Strike 0-2: Ball 1-2: Ball 2-2: Ground out U3 (Groundball, 3S)
|
Bottom of the 5th over - 0 run(s), 1 hit(s), 0 error(s), 1 left on base; Fremont 4 - Santa Clarita 2 |
TOP OF THE 6TH |
Fremont Cyclones batting - Pitching for Santa Clarita Music : RHP César Amaya
|
Batting: RHB Robinson Fernández
|
0-0: Ball 1-0: Foul Ball, location: 2F 1-1: Foul Ball, location: 2F 1-2: SINGLE (Line Drive, 8RS)
|
Batting: SHB Jorge Quiñones
|
0-0: Grounds into double play, 6-4-3 (Groundball, 56)
|
Batting: LHB Lou Goeble
|
0-0: TRIPLE (Line Drive, 9LD)
|
Batting: RHB Pablo Pineda
|
0-0: Foul Ball, location: 2F 0-1: Foul Ball, location: 2F 0-2: Fly out, F9 (Flyball, 9LS)
|
Top of the 6th over - 0 run(s), 2 hit(s), 0 error(s), 1 left on base; Fremont 4 - Santa Clarita 2 |
BOTTOM OF THE 6TH |
Santa Clarita Music batting - Pitching for Fremont Cyclones : RHP José Alvarado
|
Batting: RHB Steve Burton
|
0-0: Ball 1-0: Called Strike 1-1: Ball 2-1: Foul Ball, location: 2F 2-2: Ball 3-2: Base on Balls
|
Batting: RHB António Martínez
|
0-0: Foul Ball, location: 2F 0-1: Called Strike 0-2: Ball Steve Burton steals 2nd base 1-2: Foul Ball, location: 2F 1-2: Ball 2-2: Ground out 4-3 (Groundball, 4) Steve Burton to third
|
Pitching: RHP Jesús Ramírez
|
|
Batting: RHB Ricardo González
|
0-0: Swinging Strike 0-1: Called Strike 0-2: Ball 1-2: Foul Ball, location: 2F 1-2: Fly out, F9 (Flyball, 9M) Runner from 3rd tags up, SCORES, no throw
|
Batting: RHB Adam Gentry
|
0-0: Foul Ball, location: 2F 0-1: SINGLE (Flyball, 9LS)
|
Batting: RHB Justin Geoghegan
|
0-0: Ball 1-0: 2-RUN HOME RUN (Flyball, 78XD), Distance : 436 ft
|
Batting: RHB Jake Belcher
|
0-0: Fly out, F6 (Popup, 6MD)
|
Bottom of the 6th over - 3 run(s), 2 hit(s), 0 error(s), 0 left on base; Fremont 4 - Santa Clarita 5 |
TOP OF THE 7TH |
Fremont Cyclones batting - Pitching for Santa Clarita Music : RHP César Amaya
|
Batting: RHB Juan Estrada
|
0-0: Ball 1-0: Foul Ball, location: 2F 1-1: Foul Ball, location: 2F 1-2: Ball 2-2: Ground out 6-3 (Groundball, 56)
|
Batting: LHB Millard Adams
|
0-0: Foul Ball, location: 2F 0-1: Foul Ball, location: 2F 0-2: Foul Ball, location: 2F 0-2: Ball 1-2: Fly out, F7 (Flyball, 78M)
|
Batting: LHB Ernesto Hernández
|
0-0: Called Strike 0-1: Fly out, F8 (Flyball, 8RD)
|
Top of the 7th over - 0 run(s), 0 hit(s), 0 error(s), 0 left on base; Fremont 4 - Santa Clarita 5 |
BOTTOM OF THE 7TH |
Santa Clarita Music batting - Pitching for Fremont Cyclones : RHP Jesús Ramírez
|
Batting: RHB Art Cameron
|
0-0: Called Strike 0-1: Swinging Strike 0-2: Foul Ball, location: 2F 0-2: Ball 1-2: Ball 2-2: Fly out, F8 (Flyball, 8LM)
|
Batting: RHB Rickey Núñez
|
0-0: Called Strike 0-1: Fly out, F3 (Popup, 3F)
|
Batting: SHB Stan Gómez
|
0-0: Ground out 1-3 (Groundball, 13S)
|
Bottom of the 7th over - 0 run(s), 0 hit(s), 0 error(s), 0 left on base; Fremont 4 - Santa Clarita 5 |
TOP OF THE 8TH |
Fremont Cyclones batting - Pitching for Santa Clarita Music : RHP César Amaya
|
Pitching: LHP Tony Sandoval
|
|
Batting: LHB Sergio Fernández
|
0-0: Ball 1-0: Ball 2-0: Ball 3-0: Called Strike 3-1: Base on Balls
|
Batting: LHB Clayton Bailey
|
0-0: Ball 1-0: Foul Ball, location: 2F 1-1: Called Strike 1-2: Ball 2-2: Ball 3-2: Strikes out swinging
|
Pitching: RHP Daniel De Jesús
|
|
Batting: RHB Robinson Fernández
|
0-0: Ball 1-0: Foul Ball, location: 2F 1-1: Ball 2-1: Called Strike 2-2: Foul Ball, location: 2F 2-2: Strikes out swinging
|
Pinch Hitting: RHB Nelson Burton
|
0-0: Ball 1-0: Ball 2-0: Ball 3-0: Called Strike 3-1: Called Strike 3-2: Strikes out swinging
|
Top of the 8th over - 0 run(s), 0 hit(s), 0 error(s), 1 left on base; Fremont 4 - Santa Clarita 5 |
BOTTOM OF THE 8TH |
Santa Clarita Music batting - Pitching for Fremont Cyclones : RHP Jesús Ramírez
|
Now at SS: Carlos Peralta
|
|
Batting: RHB Steve Burton
|
0-0: Hit by Pitch
|
Batting: RHB António Martínez
|
0-0: Ball 1-0: Called Strike 1-1: Ball 2-1: Grounds into double play, 4-6-3 (Groundball, 4)
|
Batting: RHB Ricardo González
|
0-0: Ground out 4-3 (Groundball, 4M)
|
Bottom of the 8th over - 0 run(s), 0 hit(s), 0 error(s), 0 left on base; Fremont 4 - Santa Clarita 5 |
TOP OF THE 9TH |
Fremont Cyclones batting - Pitching for Santa Clarita Music : RHP Daniel De Jesús
|
Pitching: LHP John Jorgensen
|
|
Batting: LHB Lou Goeble
|
0-0: Called Strike 0-1: Reached on error, E3 (Groundball, 3)
|
Batting: RHB Pablo Pineda
|
0-0: Bunted foul 0-1: Ball 1-1: Sac Bunt - play at first, batter OUT! 5-4 Lou Goeble to second
|
Batting: RHB Juan Estrada
|
0-0: Ball 1-0: SINGLE (Line Drive, 9S) Lou Goeble to third Runner from 3rd tries for Home, SAFE, no throw or cutoff
|
Batting: LHB Millard Adams
|
0-0: Called Strike 0-1: Ball 1-1: Called Strike 1-2: Strikes out looking
|
Batting: LHB Ernesto Hernández
|
0-0: Ball 1-0: Fly out, F8 (Flyball, 89XD)
|
Top of the 9th over - 1 run(s), 1 hit(s), 1 error(s), 1 left on base; Fremont 5 - Santa Clarita 5 |
BOTTOM OF THE 9TH |
Santa Clarita Music batting - Pitching for Fremont Cyclones : RHP Jesús Ramírez
|
Pinch Hitting: RHB Travis Colbert
|
0-0: Ball 1-0: Swinging Strike 1-1: Ball 2-1: Ground out 4-3 (Groundball, 4)
|
Batting: RHB Justin Geoghegan
|
0-0: Ground out 6-3 (Groundball, 6)
|
Batting: RHB Jake Belcher
|
0-0: Called Strike 0-1: Ball 1-1: Ball 2-1: Ball 3-1: Foul Ball, location: 2F 3-2: Strikes out swinging
|
Bottom of the 9th over - 0 run(s), 0 hit(s), 0 error(s), 0 left on base; Fremont 5 - Santa Clarita 5 |
TOP OF THE 10TH |
Fremont Cyclones batting - Pitching for Santa Clarita Music : LHP John Jorgensen
|
Now at 3B: Travis Colbert
|
|
Batting: LHB Sergio Fernández
|
0-0: Ball 1-0: Foul Ball, location: 2F 1-1: Called Strike 1-2: Strikes out looking
|
Pitching: RHP Miguel Reyes
|
|
Batting: LHB Clayton Bailey
|
0-0: Ball 1-0: Ball 2-0: Ball 3-0: Called Strike 3-1: Fly out, F9 (Line Drive, 9M)
|
Batting: RHB Robinson Fernández
|
0-0: Ball 1-0: Called Strike 1-1: Foul Ball, location: 2F 1-2: Strikes out swinging
|
Top of the 10th over - 0 run(s), 0 hit(s), 0 error(s), 0 left on base; Fremont 5 - Santa Clarita 5 |
BOTTOM OF THE 10TH |
Santa Clarita Music batting - Pitching for Fremont Cyclones : RHP Jesús Ramírez
|
Pitching: RHP José Estrada
|
|
Batting: RHB Art Cameron
|
0-0: Ball 1-0: Fly out, F7 (Flyball, 8LS)
|
Batting: RHB Rickey Núñez
|
0-0: Ball 1-0: Called Strike 1-1: Ball 2-1: Foul Ball, location: 2F 2-2: Ball 3-2: Foul Ball, location: 2F 3-2: Foul Ball, location: 2F 3-2: Foul Ball, location: 2F 3-2: Foul Ball, location: 2F 3-2: Strikes out swinging
|
Batting: SHB Stan Gómez
|
0-0: Ball 1-0: Called Strike 1-1: Foul Ball, location: 2F 1-2: Strikes out swinging
|
Bottom of the 10th over - 0 run(s), 0 hit(s), 0 error(s), 0 left on base; Fremont 5 - Santa Clarita 5 |
TOP OF THE 11TH |
Fremont Cyclones batting - Pitching for Santa Clarita Music : RHP Miguel Reyes
|
Batting: RHB Carlos Peralta
|
0-0: Ball 1-0: Swinging Strike 1-1: SINGLE (Flyball, 7LS)
|
Batting: LHB Lou Goeble
|
0-0: Bunted foul 0-1: Ball 1-1: Bunt missed! 1-2: Foul Ball, location: 2F 1-2: TRIPLE (Flyball, 89M) Carlos Peralta scores
|
Batting: RHB Pablo Pineda
|
0-0: Fly out, F8 (Flyball, 8LXD) Runner from 3rd tags up, SCORES, no throw
|
Batting: RHB Juan Estrada
|
0-0: Called Strike 0-1: Foul Ball, location: 2F 0-2: Strikes out swinging
|
Batting: LHB Millard Adams
|
0-0: Ball 1-0: Foul Ball, location: 2F 1-1: Ground out 5-3 (Groundball, 56S)
|
Top of the 11th over - 2 run(s), 2 hit(s), 0 error(s), 0 left on base; Fremont 7 - Santa Clarita 5 |
BOTTOM OF THE 11TH |
Santa Clarita Music batting - Pitching for Fremont Cyclones : RHP José Estrada
|
Batting: RHB Steve Burton
|
0-0: Foul Ball, location: 2F 0-1: SINGLE (Line Drive, 34D)
|
Batting: RHB António Martínez
|
0-0: Ball 1-0: SINGLE (Line Drive, 3D) Steve Burton to second Runner from 2nd tries for 3rd, SAFE, throw made to third
|
Batting: RHB Ricardo González
|
0-0: Ball 1-0: Foul Ball, location: 2F 1-1: Ball 2-1: SINGLE (Line Drive, 7LS) Steve Burton scores António Martínez to second
|
Batting: RHB Travis Colbert
|
0-0: Ball 1-0: Sac Bunt - play at first, batter OUT! 1-4 António Martínez to third Ricardo González to second
|
Batting: RHB Justin Geoghegan
|
0-0: Called Strike 0-1: Swinging Strike 0-2: Ball 1-2: Strikes out swinging
|
Batting: RHB Jake Belcher
|
0-0: Ball 1-0: Ball 2-0: Foul Ball, location: 2F 2-1: Ball 3-1: Swinging Strike 3-2: Strikes out looking
|
Bottom of the 11th over - 1 run(s), 3 hit(s), 0 error(s), 2 left on base; Fremont 7 - Santa Clarita 6 |
|